 Dungeon Crawl Stone Soup version 0.31-a0-743-g45f7035092 (webtiles) character file.

Game seed: 6532690477825109198

543 cforsyth the Trooper (level 7, -12/56 HPs)
             Began as a Djinni Chaos Knight on Sept 13, 2023.
             Was a Plaything of Xom.
             Mangled by an ice beast (19 damage)
             ... on level 6 of the Dungeon.
             The game lasted 00:04:29 (3178 turns).

cforsyth the Trooper (Djinni Chaos Knight)          Turns: 3178, Time: 00:04:29

Health: -12/56     AC:  5    Str: 11    XL:     7   Next: 52%
Gold:   265        EV: 11    Int: 15    God:    Xom [*.....] SH:  0 Dex: 13

rFire   + + .        h - +2 short sword (venom)
rCold   x . .        (no shield)
rNeg    . . .        b - +2 leather armour
rPois   ∞            (helmet restricted)
rElec   .            (no cloak)
rCorr   .            (no gloves)
SInv    .            (boots unavailable)
Will    .....        (no amulet)
Stlth   +            (no ring)
HPRegen 1.09/turn    (no ring)
MPRegen 0.00/turn

%: infuse magic (-13 HP)
@: flying
A: sickness immunity, fire resistance 2, cold vulnerability 1, float, innate
caster, HP casting, extra vitality 1, horns 1, regeneration 1, inability to read
after injury 1
a: Renounce Religion


You were on level 6 of the Dungeon.
You worshipped Xom.
You were a special plaything of Xom.
You visited 1 branch of the dungeon, and saw 6 of its levels.

You collected 265 gold pieces.

Inventory:

Hand Weapons
 a - a +0 falchion of chaos
 h - a +2 short sword of venom (weapon)
Armour
 b - a +2 leather armour (worn)
Jewellery
 q - a ring of fire
Wands
 i - a wand of flame (21)
 r - a wand of roots (12)
Scrolls
 c - a scroll of butterflies
 j - a scroll of enchant armour {unknown}
 l - 3 scrolls of identify {unknown}
 m - a scroll of teleportation {unknown}
 n - a scroll of acquirement {unknown}
Potions
 d - a potion of invisibility {unknown}
 e - 2 potions of curing {unknown}
 f - a potion of mutation {unknown}
 g - a potion of degeneration {unknown}
 k - a potion of heal wounds {unknown}
 o - a potion of lignification {unknown}
 p - a potion of brilliance {unknown}


   Skills:
 + Level 6.0 Fighting
 - Level 2.6 Long Blades
 - Level 1.0 Armour
 - Level 2.1 Dodging
 + Level 3.7 Spellcasting
 + Level 3.7 Conjurations
 + Level 3.7 Hexes
   Level 0.0 Charms
 + Level 3.7 Summonings
 + Level 3.7 Necromancy
 + Level 3.7 Translocations
 + Level 3.7 Transmutations
 + Level 3.7 Fire Magic
 + Level 3.7 Ice Magic
 + Level 3.7 Air Magic
 + Level 3.7 Earth Magic
 + Level 3.7 Poison Magic


You knew the following spells:

 Your Spells              Type           Power      Damage    Failure   Level
a - Kiss of Death         Conj/Necr      52%        2d9       5%          1
b - Wereblood             Tmut           13%        N/A       9%          2
c - Frozen Ramparts       Ice            26%        1d4       16%         3
Your spell library was empty.

Dungeon Overview and Level Annotations

Branches:
Dungeon (7/15)
 Temple: D:4-7

Altars:
Ru

Annotations:
D:4 2 transporters, cforsyth's ghost, amateur DjCK


Innate Abilities, Weirdness & Mutations

You are immune to sickness and miasma.
You are immune to poison.
Your flesh is very heat resistant. (rF++)
You are vulnerable to cold. (rC-)
You float through the air rather than walking.
You learn spells naturally, not from books.
Your magical power is your life essence.
You have superior vitality. (+4 MHP)
You have a pair of small horns on your head.
Your natural rate of healing is unusually fast.
You occasionally lose the ability to read scrolls when taking damage.


Message History

The ice beast hits you. The ice beast freezes you!
You feel a terrible chill!
Aiming: Throw Flame
Press: ? - help, Shift-Dir - straight line, f - ice beast
Aim: an ice beast (lightly wounded, very poisoned, 68% to hit)
The puff of flame hits the ice beast but does no damage.
The ice beast is lightly wounded. "This might be better!"
The ice beast seems to speed up.
The ice beast completely misses you. The ice beast barely misses you.
Aiming: Throw Flame
Press: ? - help, Shift-Dir - straight line, f/p - ice beast
Aim: an ice beast (lightly wounded, fast, very poisoned, 68% to hit)
The puff of flame misses the ice beast.
The ice beast hits you. The ice beast freezes you!
You feel a terrible chill!
Aiming: Throw Flame
Press: ? - help, Shift-Dir - straight line, f/p - ice beast
Aim: an ice beast (lightly wounded, fast, very poisoned, 68% to hit)
The puff of flame hits the ice beast but does no damage.
The ice beast is lightly wounded.
The ice beast hits you but does no damage.
The ice beast misses you.
Aiming: Throw Flame
Press: ? - help, Shift-Dir - straight line, f/p - ice beast
Aim: an ice beast (lightly wounded, fast, very poisoned, 68% to hit)
The puff of flame hits the ice beast.
The ice beast melts!
The ice beast is moderately wounded.
The ice beast hits you. The ice beast freezes you!
You feel a terrible chill!
* * * LOW HITPOINT WARNING * * *
An adder comes into view.
Aiming: Throw Flame
Press: ? - help, Shift-Dir - straight line, f/p - ice beast
Aim: an ice beast (heavily wounded, fast, very poisoned, 68% to hit)
The puff of flame hits the ice beast.
The ice beast melts!
The ice beast is heavily wounded.
The adder hisses angrily.
The ice beast closely misses you. The ice beast hits you.
* * * LOW HITPOINT WARNING * * *
The ice beast freezes you!!
You feel a terrible chill!
You die...
Xom roars with laughter!

#########.
#>@.....S.
###Y.)#...
...# .....
.......
.......
######.


You could see an ice beast (fast, very poisoned) and an adder.

Vanquished Creatures
  2 sky beasts (D:7)
  2 bullfrogs (D:7)
  A crimson imp (D:3)
  A hound (D:2)
  Jessica (D:2)
  An orc wizard (D:4)
  A gnoll (D:1)
  3 adders
  A worm (D:2)
  A dart slug (D:3)
  2 orcs (D:4)
  9 endoplasms
  A giant cockroach (D:1)
  4 goblins
  8 hobgoblins
  5 kobolds
  2 quokkas
  7 ball pythons
  10 bats
  A frilled lizard (D:1)
  5 rats
68 creatures vanquished.

Vanquished Creatures (collateral kills)
  A ball python (D:2)
1 creature vanquished.

Vanquished Creatures (others)
  A ball python zombie (D:2)
1 creature vanquished.

Grand Total: 70 creatures vanquished

Notes
Turn   | Place    | Note
-------+----------+-------------------------------------------
     0 | D:1      | cforsyth the Djinni Chaos Knight began the quest for the
                  | Orb.
     0 | D:1      | Reached XP level 1. HP: 20/20 MP: 0/0
   252 | D:1      | XOM: divination: magic mapping
   257 | D:1      | Reached skill level 1 in Spellcasting
   257 | D:1      | Reached skill level 1 in Conjurations
   257 | D:1      | Reached skill level 1 in Hexes
   257 | D:1      | Reached skill level 1 in Summonings
   257 | D:1      | Reached skill level 1 in Necromancy
   257 | D:1      | Reached skill level 1 in Translocations
   257 | D:1      | Reached skill level 1 in Transmutations
   257 | D:1      | Reached skill level 1 in Fire Magic
   257 | D:1      | Reached skill level 1 in Ice Magic
   257 | D:1      | Reached skill level 1 in Air Magic
   257 | D:1      | Reached skill level 1 in Earth Magic
   257 | D:1      | Reached skill level 1 in Poison Magic
   257 | D:1      | Reached XP level 2. HP: 23/25 MP: 0/0
   287 | D:1      | Reached XP level 3. HP: 27/30 MP: 0/0
   287 | D:1      | Learned a level 1 spell: Kiss of Death
   407 | D:1      | XOM: divination: detect items
   461 | D:1      | XOM: noise
   822 | D:2      | Found a sacrificial altar of Ru.
   905 | D:2      | Noticed Jessica
   913 | D:2      | Killed Jessica
   914 | D:2      | Reached skill level 4 in Fighting
   914 | D:2      | Reached XP level 4. HP: 18/35 MP: 0/0
  1014 | D:2      | XOM: god gift: 25 gold pieces
  1045 | D:2      | XOM: confusion
  1047 | D:2      | XOM: swap monsters
  1060 | D:2      | Reached XP level 5. HP: 29/42 MP: 0/0
  1060 | D:2      | Learned a level 2 spell: Wereblood
  1414 | D:3      | Noticed Grinder
  1438 | D:2      | XOM: give mutation
  1438 | D:2      | Gained mutation: You occasionally lose the ability to read
                  | scrolls when taking damage. [Xom's mischief]
  1620 | D:3      | Grinder changed into Grinder the crimson imp
  1620 | D:3      | Noticed Grinder
  1620 | D:3      | XOM: polymorph Grinder -> Grinder the crimson imp
  1632 | D:3      | Killed Grinder the crimson imp
  2070 | D:3      | Found a faded altar of an unknown god.
  2201 | D:3      | XOM: stat loss: -1 Int (14/15)
  2550 | D:4      | Reached XP level 6. HP: 44/49 MP: 0/0
  2679 | D:4      | XOM: give mutations
  2679 | D:4      | Gained mutation: Your muscles are strong. (Str +4, Int/Dex
                  | -1) [Xom's mischief]
  2679 | D:4      | Lost mutation: Your muscles are strong. (Str +4, Int/Dex
                  | -1) [Xom's mischief]
  2679 | D:4      | Gained mutation: You have a pair of small horns on your
                  | head. [Xom's mischief]
  2679 | D:4      | Gained mutation: Your natural rate of healing is unusually
                  | fast. [Xom's mischief]
  2735 | D:4      | Reached skill level 5 in Fighting
  2763 | D:4      | XOM: summons 1 hostile shadow creature
  2764 | D:4      | Noticed an ogre
  2795 | D:4      | Noticed cforsyth's ghost (amateur DjCK)
  2798 | D:4      | Found a transporter.
  2801 | D:4      | Found a transporter.
  2838 | D:4      | XOM: 3-stop teleportation journey
  2951 | D:4      | You are sucked into a shaft and drop 3 floors!
  3022 | D:7      | Noticed a sky beast
  3052 | D:7      | Killed a sky beast
  3053 | D:7      | Reached XP level 7. HP: 38/52 MP: 0/0
  3053 | D:7      | Learned a level 3 spell: Frozen Ramparts
  3145 | D:7      | Reached skill level 6 in Fighting
  3174 | D:6      | XOM: enchant monster (bad)
  3178 | D:6      | Mangled by an ice beast

Illustrated notes

Levels and vault maps discovered:
D:1:      dpeg_arrival_signposts, layout_basic, ebering_dispersal_statue_hall
D:2:      layout_basic, basic_altar, corexii_leaking_fountain, uniq_jessica
D:3:      layout_basic, dilly_ecumenical_altar_fadedgnrine, uniq_grinder
D:4:      layout_gridville, gammafunk_ghost_arena, minmay_joined_circles
D:6:      layout_basic, minmay_temple_entry_fiery, serial_shops,
          nicolae_shop_tiny_glass, minmay_misc_feat_room
D:7:      layout_loops_ring, amethyst_overflow_temple_binary, serial_shops,
          nicolae_shop_real_fake_doors, serial_rivers,
          chequers_serial_rivers_small_b, chequers_serial_rivers_room_a,
          chequers_serial_rivers_large_a, chequers_serial_rivers_small_3,
          chequers_serial_rivers_micro_b, chequers_serial_rivers_room_b

Skill      XL: |  1  2  3  4  5  6  7 |
---------------+----------------------+-----
Spellcasting   | 1 2 3 |  3.7
Conjurations   | 1 2 3 |  3.7
Hexes          | 1 2 3 |  3.7
Summonings     | 1 2 3 |  3.7
Necromancy     | 1 2 3 |  3.7
Translocations | 1 2 3 |  3.7
Transmutations | 1 2 3 |  3.7
Fire Magic     | 1 2 3 |  3.7
Ice Magic      | 1 2 3 |  3.7
Air Magic      | 1 2 3 |  3.7
Earth Magic    | 1 2 3 |  3.7
Poison Magic   | 1 2 3 |  3.7
Fighting       | 4 5 6 |  6.0
Long Blades    | |  2.6
Armour         | |  1.0
Dodging        | |  2.1

Action                     |  1- 3 |  4- 6 |  7- 9 || total
---------------------------+-------+-------+-------++-------
  Melee: Falchion          |    84 |    36 |       ||   120
         Punch             |     1 |     2 |       ||     3
         Short sword       |       |   104 |    19 ||   123
         Headbutt          |       |    10 |     2 ||    12
   Cast: Kiss of Death     |     1 |     3 |       ||     4
  Evoke: Wand              |       |       |     5 ||     5
   Stab: Sleeping          |     1 |     2 |     1 ||     4
         Paralysed         |     1 |       |       ||     1
 Armour: Leather armour    |    48 |    80 |    18 ||   146
  Dodge: Dodged            |    66 |    86 |     6 ||   158

Table legend: (Time is in decaauts)
 A = Elapsed time spent in this place.
 B = Non-inter-level travel time spent in this place.
 C = Inter-level travel time spent in this place.
 D = Time resting spent in this place.
 E = Time spent auto-exploring this place.
 F = Levels seen in this place.
 G = Mean time per level.
                   A        B        C        D        E       F      G
               +--------+--------+--------+--------+--------+-----+--------+
         Total |   3189 |   3100 |     89 |    185 |   2261 |   6 |  531.5 |
       Dungeon |   3189 |   3100 |     89 |    185 |   2261 |   6 |  531.5 |
               +--------+--------+--------+--------+--------+-----+--------+

Top non-repeatable levels by time:
     D:2: 1034 daAuts
     D:3: 896 daAuts
     D:1: 582 daAuts
     D:4: 453 daAuts
     D:7: 212 daAuts
     D:6: 11 daAuts
